 Dungeon Crawl Stone Soup version 0.17-a0-1914-gde4187c (webtiles) character file.

565 tp1 the Skirmisher (level 7, -3/44 HPs)
             Began as a Gargoyle Berserker on Sept 25, 2015.
             Was a Believer of Trog.
             Slain by an ogre
             ... wielding a +0 giant club
              (13 damage)
             ... on level 4 of the Dungeon on Sept 26, 2015.
             The game lasted 00:25:28 (2715 turns).

tp1 the Skirmisher (Gargoyle Berserker)             Turns: 2715, Time: 00:25:28

Health: -3/44      AC: 10    Str: 23    XL:     7   Next: 32%
Magic:  7/7        EV:  7    Int:  7    God:    Trog [**....]
Gold:   115        SH:  0    Dex:  9    Spells: 0 memorised, 6 levels left

rFire  . . .     SeeInvis .     x - -2 war axe (curse)
rCold  . . .     Clarity  .     s - +0 ring mail
rNeg   + . .     SustAt   .     (no shield)
rPois  ∞         Gourm    .     (no helmet)
rElec  +         Spirit   .     (no cloak)
rCorr  .         Warding  .     (no gloves)
rMut   .         Stasis   .     (no boots)
MR     .....                    (no amulet)
Stlth  +.........               (no ring)
                                (no ring)

@: not resistant to hostile enchantments, very unstealthy
A: negative energy resistance 1, electricity resistance, unbreathing,
petrification resistance, rot immunity, AC +4
a: Burn Spellbooks, Berserk, Trog's Hand, Renounce Religion


You were on level 4 of the Dungeon.
You worshipped Trog.
Trog was pleased with you.
You were not hungry.

You visited 1 branch of the dungeon, and saw 4 of its levels.

You collected 115 gold pieces.

Inventory:

Hand weapons
 a - a +0 hand axe
 x - a cursed -2 war axe (weapon)
Armour
 b - a +0 animal skin
 e - a +0 leather armour
 s - a +0 ring mail (worn)
Jewellery
 j - a cursed ring of teleportation {unknown}
 w - an uncursed ring of magical power {unknown}
Magical devices
 r - a wand of teleportation (6)
Scrolls
 m - a scroll of random uselessness {unknown}
 n - 2 scrolls of teleportation {unknown}
 q - 2 scrolls of immolation {unknown}
 t - a scroll of magic mapping {unknown}
 v - a scroll of blinking {unknown}
Potions
 g - a potion of ambrosia
 i - a potion of resistance
 k - a potion of heal wounds
 o - a potion of lignification
 p - 2 potions of brilliance
 u - a potion of agility
Comestibles
 c - 2 bread rations
 d - a royal jelly
 l - 4 meat rations


   Skills:
 + Level 4.6 Fighting
 + Level 4.1 Axes
 + Level 4.3 Armour
 + Level 4.0 Dodging
 + Level 1.9 Stealth


You had 6 spell levels left.
You didn't know any spells.

Dungeon Overview and Level Annotations

Branches:
Dungeon (4/15)
 Temple: D:4-7

Altars:
Elyvilon
Gozag


Innate Abilities, Weirdness & Mutations

You are resistant to torment.
Your stone body is resilient (AC +4).
You are immune to poison.
You resist negative energy.
You are resistant to electric shocks.
You can survive without breathing.
You are immune to petrification.
You are immune to rotting.


Message History

The centaur skeleton hits you but does no damage.
The centaur skeleton closely misses you.
You slash the centaur skeleton!
You destroy the centaur skeleton!
Found 13 stones.
q - 2 scrolls labeled WUILALIVUNA (gained 1) HP restored.
There is a stone staircase leading down here.
An ogre comes into view. It is wielding a giant club.
The ogre shouts!
You closely miss the ogre. The ogre hits you with a giant club!
You barely miss the ogre. The ogre hits you with a giant club!
* * * LOW HITPOINT WARNING * * *
Drink which item? (? for menu, Esc to quit)
You feel better. The ogre hits you with a giant club!
* * * LOW HITPOINT WARNING * * *
You see here 13 stones.
There is a stone staircase leading down here.
The ogre hits you with a giant club!
You die...

#####.####.###.#.#
#.......##.# #.#.#
#.###.#.##.###.#.#
#.# #.#.##(....#.#
#.# #.#.##..####.#
#.# #.#.##..# #.#
#.###.#.##..## #.#
#............###.#
#.@##...[.#.#.##.#
#.O#.............#
#..##......###.###
#..###...#.# #.####
#..####.##.###.##..
#.(.....##.....##.#
##.#########.####.
#.# #.# #. #.# #.#
#.


You could see an ogre.

Vanquished Creatures
  Grinder (D:4)
  An ogre (D:4)
  A centaur skeleton (D:4)
  Natasha (thrice) (D:2)
  2 worker ants (D:4)
  A hound skeleton (D:4)
  3 gnolls (D:2)
  Robin (D:2)
  5 adders
  An ooze (D:2)
  An adder skeleton (D:4)
  2 worms
  2 giant geckos
  An orc (D:4)
  3 giant cockroaches
  13 hobgoblins
  4 bats (D:1)
  A giant gecko skeleton (D:4)
  2 giant newts
  13 goblins
  9 kobolds
  5 rats
75 creatures vanquished.

Notes
Turn   | Place    | Note
--------------------------------------------------------------
     0 | D:1      | tp1 the Gargoyle Berserker began the quest for the Orb.
     0 | D:1      | Reached XP level 1. HP: 14/14 MP: 1/1
   180 | D:1      | Reached XP level 2. HP: 19/19 MP: 2/2
   730 | D:2      | Reached XP level 3. HP: 24/24 MP: 3/3
   730 | D:2      | Acquired Trog's second power
   833 | D:2      | Noticed Robin
   869 | D:2      | Killed Robin
   869 | D:2      | Reached XP level 4. HP: 7/29 MP: 4/4
   886 | D:2      | Reached skill level 1 in Stealth
  1037 | D:2      | Noticed Natasha
  1046 | D:2      | Killed Natasha
  1046 | D:2      | Reached skill level 4 in Fighting
  1046 | D:2      | Reached XP level 5. HP: 9/33 MP: 5/5
  1166 | D:2      | Noticed Natasha
  1173 | D:2      | Killed Natasha
  1240 | D:2      | Noticed Natasha
  1247 | D:2      | Killed Natasha
  1277 | D:3      | Found a white marble altar of Elyvilon.
  2012 | D:4      | Found an opulent altar of Gozag.
  2261 | D:4      | Reached XP level 6. HP: 29/38 MP: 6/6
  2415 | D:4      | Noticed an ogre
  2420 | D:4      | Killed an ogre
  2494 | D:4      | Noticed Grinder
  2507 | D:4      | Killed Grinder
  2507 | D:4      | Reached XP level 7. HP: 44/44 MP: 7/7
  2656 | D:4      | Upgraded the game from 0.17-a0-1910-g4c791fa to 0.17-a0-1914-gde4187c
  2715 | D:4      | Slain by an ogre

Vault maps used:
D:1:      onia_arrival_mini_spirals, serial_park_tiny_1
D:2:      first_bread, grunt_ministairs_2, uniq_natasha, uniq_robin
D:3:      old_standard_altar
D:4:      nicolae_gozag_cash_rules_everything_around_me, uniq_grinder

Action                   |  1- 3 |  4- 6 |  7- 9 || total
-------------------------+-------+-------+-------++-------
Melee: Hand axe          |    86 |   129 |       ||   215
       War axe           |       |    39 |    23 ||    62
Invok: Berserk           |     4 |     6 |       ||    10
       Trog's Hand       |     1 |     5 |       ||     6
  Use: Potion            |     2 |     1 |     1 ||     4
       Scroll            |       |     6 |       ||     6
 Stab: Sleeping          |     1 |     1 |       ||     2
  Eat: Bread ration      |     1 |       |       ||     1
       Chunk             |       |    11 |     2 ||    13
